 Seeded DCSS version 0.28.0-47-ge53b351184 (webtiles) character file.

Game seed: 2711404099192750385 (custom seed)

346 NinjaNoafa the Chucker (level 6, 0/50 HPs)
             Began as a Gnoll Wanderer on Apr 27, 2022.
             Was a Priest of Sif Muna.
             Slain by a gnoll
             ... wielding a +0 spear
              (3 damage)
             ... on level 4 of the Dungeon.
             The game lasted 00:09:06 (4195 turns).

NinjaNoafa the Chucker (Gnoll Wanderer)             Turns: 4195, Time: 00:09:06

Health: 0/50       AC:  4    Str:  9    XL:     6   Next: 59%
Magic:  15/15      EV: 13    Int: 15    God:    Sif Muna [***...]
Gold:   209        SH:  0    Dex: 12    Spells: 13/17 levels left

rFire   . . .      SeeInvis .   k - +1 mace "Ziahuc" {vorpal, *Noise rPois rN+++}
rCold   . . .      Faith    .   (no shield)
rNeg    + + +      Spirit   .   c - +0 robe
rPois   +          Reflect  .   h - +0 helmet
rElec   .          Harm     .   (no cloak)
rCorr   .          Rampage  .   n - +0 pair of gloves
Will    .....                   (no boots)
Stlth   ++........              (no amulet)
HPRegen 0.16/turn               (no ring)
MPRegen 0.14/turn               (no ring)

@: no status effects
A: fangs 1, strong nose, distributed training
a: Renounce Religion, Channel Magic, Forget Spell


You were on level 4 of the Dungeon.
You worshipped Sif Muna.
Sif Muna was most pleased with you.
You visited 1 branch of the dungeon, and saw 4 of its levels.

You collected 209 gold pieces.

Inventory:

Hand Weapons
 a - a +0 dagger
 e - a +1 dagger of flaming
 j - a +4 dagger of holy wrath
 k - the +1 mace "Ziahuc" (weapon) {vorpal, *Noise rPois rN+++}
   (You found it on level 3 of the Dungeon)

   It inflicts extra damage upon your enemies.
   rPois:     It protects you from poison.
   rN:        It renders you almost immune to negative energy.
   *Noise:    It may make noises in combat.
Missiles
 b - 7 poisoned darts (quivered)
 f - 29 stones
 i - 2 throwing nets
Armour
 c - a +0 robe (worn)
 h - a +0 helmet (worn)
 n - a +0 pair of gloves (worn)
Scrolls
 d - 4 scrolls of identify
 g - a scroll of noise


   Skills:
 + Level 4.8 Fighting
 + Level 3.9 Short Blades
 + Level 3.9 Long Blades
 + Level 3.9 Axes
 + Level 3.9 Maces & Flails
 + Level 3.9 Polearms
 + Level 3.9 Staves
 + Level 3.9 Slings
 + Level 3.9 Bows
 + Level 3.9 Crossbows
 + Level 7.7 Throwing
 + Level 3.9 Armour
 + Level 3.9 Dodging
 + Level 3.9 Stealth
 + Level 3.9 Shields
 + Level 3.9 Unarmed Combat
 + Level 6.4 Spellcasting
 + Level 3.2 Conjurations
 + Level 3.2 Hexes
 + Level 3.2 Summonings
 + Level 3.2 Necromancy
 + Level 3.2 Translocations
 + Level 3.2 Transmutations
 + Level 3.2 Fire Magic
 + Level 3.2 Ice Magic
 + Level 3.2 Air Magic
 + Level 3.2 Earth Magic
 + Level 6.4 Poison Magic
 + Level 4.3 Invocations
 + Level 4.8 Evocations


You had 13 spell levels left.
You knew the following spells:

 Your Spells              Type           Power      Damage    Failure   Level
a - Sting                 Tmut/Pois      76%        1d6       1%          1
b - Poisonous Vapours     Pois/Air       38%        N/A       3%          2
c - Summon Small Mammal   Summ           56%        N/A       3%          1

Your spell library contained the following spells:

 Spells                   Type           Power      Damage    Failure   Level
 Ignite Poison            Fire/Tmut/Pois 17%        N/A       7%          3
 Conjure Flame            Conj/Fire      14%        6-21      11%         3
 Summon Guardian Golem    Hex/Summ       14%        N/A       11%         3
 Sticky Flame             Conj/Fire      14%        2d4       36%         4


Dungeon Overview and Level Annotations

Branches:
Dungeon (4/15)
 Temple: D:4-7

Altars:
Sif Muna
Wu Jian


Innate Abilities, Weirdness & Mutations

You have very sharp teeth.
Your uncanny sense of smell can sniff out nearby items.
Your experience applies equally to all skills.


Message History

Sif Muna accepts your kill. The gnoll barely misses you. x2
Okay, then.
The gnoll barely misses you.
The gnoll hits you from afar with a +0 spear!
The gnoll hits you from afar with a +0 spear!
You kill the gnoll!
Sif Muna accepts your kill.
The gnoll hits you from afar with a +0 spear.
The gnoll hits you from afar with a +0 spear!
* * * LOW HITPOINT WARNING * * *
You are confused.
You feel invigorated.
The gnoll hits you from afar with a +0 spear.
* * * LOW HITPOINT WARNING * * *
The gnoll barely misses you. The gnoll closely misses you.
You feel less invigorated.
You feel less confused.
The gnoll hits you from afar with a +0 spear.
The gnoll misses you.
The gnoll hits you from afar with a +0 spear.
* * * LOW HITPOINT WARNING * * *
Casting: Poisonous Vapours (safe; 3% risk of failure)
Confirm with . or Enter, or press ? or * to list all spells.
Aiming: Poisonous Vapours (safe; 3% risk of failure)
Press: ? - help, Dir - move target, f - gnoll
Aim: a gnoll, wielding a +0 club Poisonous vapours surround the gnoll!
The gnoll is poisoned.
The gnoll hits you from afar with a +0 spear.
* * * LOW HITPOINT WARNING * * *
The gnoll hits you with a +0 club.
* * * LOW HITPOINT WARNING * * *
The gnoll hits you from afar with a +0 spear.
* * * LOW HITPOINT WARNING * * *
Okay, then.
The gnoll hits you from afar with a +0 spear.
* * * LOW HITPOINT WARNING * * *
Magic courses through your body.
The gnoll hits you from afar with a +0 spear.
You die...

........ #..........
#.......... ∆ #....
...### .... ....## ..#
###.#..####### ∆
..#####...##...g@..#
..............g###......
....)..######### ###.#
..###.## ....<.# ..#####
..# .## ##


You could see 2 gnolls.

Vanquished Creatures
  2 orc priests (D:3)
  8 gnolls
  6 adders
  A worm (D:2)
  2 dart slugs
  8 orcs (D:3)
  A bat (D:3)
  8 endoplasms
  5 giant cockroaches
  4 goblins
  4 hobgoblins
  A jackal (D:2)
  7 kobolds
  3 quokkas
  3 ball pythons
  5 frilled lizards
  5 rats
73 creatures vanquished.

Vanquished Creatures (collateral kills)
  2 gnolls (D:3)
  A worm (D:3)
  2 orcs (D:3)
  2 endoplasms
  2 kobolds (D:2)
9 creatures vanquished.

Grand Total: 82 creatures vanquished

Notes
Turn   | Place    | Note
-------+----------+-------------------------------------------
     0 | D:1      | NinjaNoafa the Gnoll Wanderer began the quest for the Orb.
     0 | D:1      | NinjaNoafa set off with the following items: a +0 dagger, 7
                  | poisoned darts, a +0 robe; and the following spells
                  | available to memorise: Sting, Poisonous Vapours, Summon
                  | Small Mammal, Ignite Poison, Summon Guardian Golem
     0 | D:1      | Reached XP level 1. HP: 17/17 MP: 6/6
     2 | D:1      | Learned a level 1 spell: Sting
   124 | D:1      | Found a faded altar of an unknown god.
   128 | D:1      | Prayed at the altar of an unknown god.
   128 | D:1      | Became a worshipper of Sif Muna the Loreminder
   128 | D:1      | Reached * piety under Sif Muna
   158 | D:1      | Reached XP level 2. HP: 18/23 MP: 3/7
   709 | D:1      | Reached XP level 3. HP: 28/28 MP: 0/9
   787 | D:1      | Learned a level 2 spell: Poisonous Vapours
   794 | D:1      | Reached skill level 5 in Spellcasting
  1071 | D:2      | Reached skill level 7 in Throwing
  1071 | D:2      | Reached XP level 4. HP: 38/38 MP: 10/12
  1107 | D:2      | Learned a level 1 spell: Summon Small Mammal
  1188 | D:2      | Reached ** piety under Sif Muna
  1647 | D:2      | Reached XP level 5. HP: 37/43 MP: 8/13
  1968 | D:2      | Found an ornate altar of the Wu Jian Council.
  2145 | D:2      | HP: 2/43 [poisoned by a gnoll]
  2989 | D:3      | Reached XP level 6. HP: 47/49 MP: 11/15
  3037 | D:3      | Reached *** piety under Sif Muna
  3131 | D:3      | Identified the +1 mace "Ziahuc" {vorpal, *Noise rPois
                  | rN+++}
  4195 | D:4      | Slain by a gnoll

Illustrated notes

Levels and vault maps discovered:
D:1:      wander_arrival_desolate, layout_rooms,
          hellmonk_ecumenical_altar_heavens_door
D:2:      minmay_diamond_boxcup, layout_basic, basic_altar
D:3:      layout_basic
D:4:      layout_rooms, serial_shops, nicolae_shop_hallway_plus

Skill      XL: |  1  2  3 |
---------------+----------+-----
Spellcasting   | 6 |  6.4
Fighting       | 4 |  4.8
Short Blades   | 3 |  3.9
Long Blades    | 3 |  3.9
Axes           | 3 |  3.9
Maces & Flails | 3 |  3.9
Polearms       | 3 |  3.9
Staves         | 3 |  3.9
Slings         | 3 |  3.9
Bows           | 3 |  3.9
Crossbows      | 3 |  3.9
Throwing       | 7 |  7.7
Armour         | 3 |  3.9
Dodging        | 3 |  3.9
Stealth        | 3 |  3.9
Shields        | 3 |  3.9
Unarmed Combat | 3 |  3.9
Conjurations   | 3 |  3.2
Hexes          | 3 |  3.2
Summonings     | 3 |  3.2
Necromancy     | 3 |  3.2
Translocations | 3 |  3.2
Transmutations | 3 |  3.2
Fire Magic     | 3 |  3.2
Ice Magic      | 3 |  3.2
Air Magic      | 3 |  3.2
Earth Magic    | 3 |  3.2
Poison Magic   | 6 |  6.4
Invocations    | 4 |  4.3
Evocations     | 4 |  4.8

Action                   |  1- 3 |  4- 6 || total
-------------------------+-------+-------++-------
Melee: Dagger            |    28 |    54 ||    82
       Bite              |     2 |     9 ||    11
       Punch             |     1 |     1 ||     2
       Mace              |       |    28 ||    28
Throw: Dart              |     1 |     3 ||     4
 Cast: Sting             |    33 |    28 ||    61
       Poisonous Vapours |     6 |    51 ||    57
       Summon Small Mamm |       |    23 ||    23
  Use: Potion            |     2 |     2 ||     4
       Scroll            |       |     3 ||     3
 Stab: Sleeping          |       |     2 ||     2
Armor: Robe              |     8 |    22 ||    30
Dodge: Dodged            |    12 |    95 ||   107
